 Dungeon Crawl Stone Soup version 0.18-a0-329-g5b4d444 (webtiles) character file.

518 Proton the Shield-Bearer (level 7, 0/55 HPs)
             Began as a Formicid Fighter on Nov 29, 2015.
             Was an Initiate of Ru.
             Slain by a gnoll
             ... wielding a +0 spear
              (5 damage)
             ... on level 4 of the Dungeon.
             The game lasted 00:05:20 (3626 turns).

Proton the Shield-Bearer (Formicid Fighter)         Turns: 3626, Time: 00:05:20

Health: 0/55       AC: 11    Str: 22    XL:     7   Next: 45%
Magic:  7/7        EV:  9    Int:  8    God:    Ru [......]
Gold:   132        SH: 10    Dex: 10    Spells: 0 memorised, 6 levels left

rFire  . . .     SeeInvis +     a - +0 war axe
rCold  . . .     Clarity  .     q - +2 scale mail {rPois}
rNeg   . . .     SustAt   .     c - +0 shield
rPois  +         Gourm    .     (helmet unavailable)
rElec  .         Spirit   .     b - +0 cloak
rCorr  .         Warding  .     f - +0 pair of gloves
rMut   .         Stasis   +     (no boots)
MR     .....                    (no amulet)
Stlth  ..........               (no ring)
                                (no ring)

@: not resistant to hostile enchantments, extremely unstealthy
A: permanent stasis, dig shafts and tunnels, four strong arms, antennae 3
a: Dig, Shaft Self, Renounce Religion


You were on level 4 of the Dungeon.
You worshipped Ru.
Ru was noncommittal.
You were not hungry.

You visited 1 branch of the dungeon, and saw 4 of its levels.

You collected 132 gold pieces.

Inventory:

Hand Weapons
 a - a +0 war axe (weapon)
Armour
 b - a +0 cloak (worn)
 c - a +0 shield (worn)
 f - a +0 pair of gloves (worn)
 q - a +2 scale mail of poison resistance (worn)
Wands
 n - a wand of disintegration (11)
 p - a wand of frost (32)
Scrolls
 e - 2 scrolls of blinking {unknown}
 h - a scroll of magic mapping {unknown}
 i - a scroll of fear {unknown}
 j - a scroll of identify
 k - a scroll of fog
 m - a scroll of remove curse
Potions
 d - 2 potions of might
 l - a potion of curing
 r - a potion of invisibility {unknown}
Comestibles
 g - 2 fruits
 o - 3 bread rations


   Skills:
 + Level 4.9 Fighting
 + Level 4.0 Axes
 + Level 4.8 Armour
 + Level 2.4 Dodging
 + Level 5.3 Shields


You had 6 spell levels left.
You didn't know any spells.

Dungeon Overview and Level Annotations

Branches:
Dungeon (4/15)
 Temple: D:4-7

Altars:
Ashenzari
Qazlal
Ru


Innate Abilities, Weirdness & Mutations

You are under a permanent stasis effect.
You can dig through walls and to a lower floor.
Your four strong arms can wield two-handed weapons with a shield.
You have a pair of large antennae on your head (SInv).


Message History

The gnoll is heavily wounded.
You block the gnoll's attack. The gnoll barely misses you.
You hit the gnoll.
The gnoll is heavily wounded.
You barely miss the gnoll. You block the gnoll's attack.
The gnoll hits you with a spear. You block the gnoll's attack.
You block the gnoll's attack.
You hit the gnoll but do no damage. You closely miss the gnoll.
The gnoll is heavily wounded.
The gnoll hits you with a spear!
* * * LOW HITPOINT WARNING * * *
You block the gnoll's attack.
You barely miss the gnoll.
The gnoll is heavily wounded.
You closely miss the gnoll. You block the gnoll's attack.
The gnoll hits you with a spear!
* * * LOW HITPOINT WARNING * * *
You block the gnoll's attack.
The gnoll hits you from afar with a spear.
You die...

# #################
#####................
#......<....#########
##.†@....†...........
#)........##########
#gg.......# #..
###.........# #.#
#...#.###..... #.#
##.....#.....#.# #.#
..##................
#.#
....................
..# ................
###


You could see 2 gnolls.

Vanquished Creatures
  2 ogres
  Ijyb (D:3)
  An iguana (D:4)
  2 orc wizards (D:3)
  Robin (D:3)
  5 gnolls
  7 adders
  An ooze (D:1)
  An adder skeleton (D:4)
  4 worms
  5 giant geckos
  9 orcs
  6 bats
  3 giant cockroaches
  22 goblins
  7 hobgoblins
  7 jackals
  6 kobolds
  2 ball pythons (D:1)
  3 giant newts
  A quokka (D:3)
  3 rats
99 creatures vanquished.

Notes
Turn   | Place    | Note
--------------------------------------------------------------
     0 | D:1      | Proton the Formicid Fighter began the quest for the Orb.
     0 | D:1      | Reached XP level 1. HP: 18/18 MP: 1/1
   193 | D:1      | Found a shattered altar of Ashenzari.
   200 | D:1      | Reached XP level 2. HP: 24/24 MP: 2/2
   500 | D:1      | Reached XP level 3. HP: 26/29 MP: 3/3
   567 | D:1      | Reached skill level 1 in Dodging
  1133 | D:2      | Found a faded altar to an unknown god.
  1155 | D:2      | Reached XP level 4. HP: 28/37 MP: 4/4
  1176 | D:2      | Reached skill level 4 in Shields
  1430 | D:2      | Reached XP level 5. HP: 42/42 MP: 5/5
  2291 | D:3      | Noticed Robin
  2314 | D:3      | Reached XP level 6. HP: 34/48 MP: 6/6
  2318 | D:3      | Killed Robin
  2816 | D:3      | Reached skill level 5 in Shields
  2951 | D:3      | Found a stormy altar of Qazlal.
  2975 | D:3      | Noticed Ijyb
  2991 | D:3      | Killed Ijyb
  3427 | D:4      | Found a sacrificial altar of Ru.
  3437 | D:4      | Became a worshipper of Ru the Awakened
  3446 | D:4      | Reached XP level 7. HP: 55/55 MP: 7/7
  3626 | D:4      | Slain by a gnoll

Vault maps used:
D:1:      lemuel_arrival_rhombus, evilmike_ruin_ashenzari
D:2:      ecumenical_altar_2
D:3:      lemuel_round_altar, uniq_robin, uniq_iyjb
D:4:      nicolae_ru_awakened_eye, fedhas_altar_4, minmay_temple_entry_mist

Action                   |  1- 3 |  4- 6 |  7- 9 || total
-------------------------+-------+-------+-------++-------
Melee: War axe           |    83 |   175 |    43 ||   301
  Use: Potion            |       |     1 |       ||     1
       Scroll            |       |     3 |       ||     3
  Eat: Bread ration      |     1 |       |       ||     1
       Meat ration       |       |     1 |       ||     1
